 Dungeon Crawl Stone Soup version 0.20-a0-502-g555d78b (webtiles) character file.

165 Amnesiac the Vexing (level 5, -1/35 HPs)
             Began as a Mummy Enchanter on Jan 20, 2017.
             Slain by a hound (3 damage)
             ... on level 4 of the Dungeon.
             The game lasted 00:05:16 (4696 turns).

Amnesiac the Vexing (Mummy Enchanter)               Turns: 4696, Time: 00:05:16

Health: -1/35      AC:  2    Str: 11    XL:     5   Next: 21%
Magic:  6/11       EV: 12    Int: 16    God:
Gold:   56         SH:  0    Dex: 12    Spells: 5/12 levels left

rFire    x . .     SeeInvis .   g - +0 war axe
rCold    + + .     Gourm    .   b - +0 robe
rNeg     + + +     Faith    .   (no shield)
rPois    ∞         Spirit   .   (no helmet)
rElec    .         Reflect  .   (no cloak)
rCorr    .         Harm     .   (no gloves)
MR       .....                  (no boots)
Stlth    ++........             (no amulet)
Regen    0.2/turn               (no ring)
                                d - ring of protection from cold

@: no status effects
A: no food or potions, fire vulnerability, cold resistance 1, negative energy
resistance 3, torment resistance, unbreathing
a: no special abilities


You were on level 4 of the Dungeon.
You were not hungry.

You visited 1 branch of the dungeon, and saw 4 of its levels.

You collected 56 gold pieces.

Inventory:

Hand Weapons
 a - a +1 dagger
 g - a +0 war axe (weapon)
Armour
 b - a +0 robe (worn)
Jewellery
 d - a ring of protection from cold (left hand)
 e - a +3 ring of strength {unknown}
Scrolls
 f - 3 scrolls of identify {unknown}
 h - a scroll of remove curse {unknown}
 i - a scroll of amnesia {unknown}
 j - a scroll of teleportation {unknown}
 k - a scroll of recharging {unknown}
Books
 c - a book of Maledictions

   Spells                             Type                      Level
   a - Corona                         Hexes                        1
   b - Ensorcelled Hibernation        Hexes/Ice                    2
   c - Confuse                        Hexes                        3
   d - Tukima's Dance                 Hexes                        3
   e - Dazzling Spray                 Conjuration/Hexes            3


   Skills:
 - Level 1.0 Short Blades
 - Level 1.5 Dodging
 - Level 2.4 Stealth
 + Level 4.0 Spellcasting
 * Level 4.8 Hexes


You had 5 spell levels left.
You knew the following spells:

 Your Spells              Type           Power        Failure   Level  Hunger
e - Confuse               Hex            ###.....     10%         3    N/A
f - Corona                Hex            ###....      2%          1    N/A
w - Tukima's Dance        Hex            ###.....     10%         3    N/A

Dungeon Overview and Level Annotations

Branches:
Dungeon (4/15)
 Temple: D:4-7

Altars:
Ashenzari
Fedhas


Innate Abilities, Weirdness & Mutations

You do not eat or drink.
Your flesh is vulnerable to fire.
You are immune to poison.
Your flesh is cold resistant. (rC+)
You are immune to negative energy. (rN+++)
You are immune to unholy pain and torment.
You can survive without breathing.


Message History

The hound is heavily wounded.
You hit the hound.
The hound is almost dead.
The hound bites you.
You hit the hound but do no damage.
The hound is almost dead.
The hound seems less confused.
The hound bites you.
* * * LOW HITPOINT WARNING * * *
The hound bites you.
* * * LOW HITPOINT WARNING * * *
The hound bites you.
* * * LOW HITPOINT WARNING * * *
Unknown command.
Casting: Confuse
Confirm with . or Enter, or press ? or * to list all spells.
Aiming: Confuse
Press: ? - help, Shift-Dir - straight line, f/p - hound
Aim: a hound (almost dead, chance to defeat MR: 57%)
The hound appears confused.
The hound bites you.
You die...

##.. ## #..##
#.# #...###.#
#..#.#$#####
###..........#
#...########.#
# #.### #.#
.## #.#
#.#...# #.#
#@.# #.# #h.#
#.# ##.#
#####.# #..>.
......# #.####
.# ####### #.#
.# #.# ####.##
######### #.#
#.....##.#
........# #.#
#.....##..


You could see a hound (confused).

Vanquished Creatures
  A hound (D:3)
  2 worker ants
  An adder (D:2)
  A shadow imp (D:4)
  A dart slug (D:1)
  A leopard gecko (D:3)
  9 orcs
  3 giant cockroaches (D:3)
  3 goblins (D:3)
  7 hobgoblins
  11 jackals
  2 kobolds
  2 quokkas (D:3)
  A ball python (D:3)
  4 bats (D:3)
  A frilled lizard (D:3)
  A quokka skeleton (D:3)
  A rat (D:3)
52 creatures vanquished.

Notes
Turn   | Place    | Note
-------+----------+-------------------------------------------
     0 | D:1      | Amnesiac the Mummy Enchanter began the quest for the Orb.
     0 | D:1      | Reached XP level 1. HP: 13/13 MP: 4/4
   401 | D:2      | Reached skill level 1 in Short Blades
   401 | D:2      | Reached XP level 2. HP: 10/19 MP: 4/6
  1379 | D:3      | Found a shattered altar of Ashenzari.
  1631 | D:3      | Reached XP level 3. HP: 21/24 MP: 5/7
  1636 | D:3      | Learned a level 3 spell: Confuse
  1640 | D:3      | Learned a level 3 spell: Tukima's Dance
  2467 | D:3      | Reached XP level 4. HP: 5/30 MP: 1/9
  2760 | D:3      | Found a blossoming altar of Fedhas.
  4428 | D:4      | Reached XP level 5. HP: 27/35 MP: 8/10
  4695 | D:4      | HP: 1/35 [hound (4)]
  4696 | D:4      | Slain by a hound

Vault maps used:
D:1:      matt_arrival_los_fun
D:3:      minmay_door_path, fedhas_altar_fruit_tree,
          cheibrodos_ashenzari_chains, st_stairs_6
D:4:      black_bear_nest_2, glass_columns_a, uniq_grinder

Skill      XL: |  1  2  3  4  5 |
---------------+----------------+-----
Hexes          | 3 4 |  4.8
Short Blades   | 1 |  1.0
Spellcasting   | 3 4 |  4.0
Dodging        | |  1.5
Stealth        | |  2.4

Action                   |  1- 3 |  4- 6 || total
-------------------------+-------+-------++-------
Melee: Dagger            |    39 |       ||    39
       War axe           |    76 |    65 ||   141
 Cast: Corona            |    31 |     7 ||    38
       Confuse           |     1 |    23 ||    24
 Stab: Sleeping          |     3 |       ||     3
       Confused          |       |     2 ||     2
Armor: Robe              |    24 |     9 ||    33
Dodge: Dodged            |   105 |    74 ||   179
